 Dungeon Crawl Stone Soup version 0.28-a0-381-g937acc2988 (webtiles) character file.

Game seed: 5982837162384819209

1167 hatdisgam the Ruffian (level 8, -1/66 HPs)
             Began as a Troll Chaos Knight on Sept 1, 2021.
             Was a Plaything of Xom.
             Slain by an orc (4 damage)
             ... summoned by Xom
             ... on level 4 of the Dungeon.
             The game lasted 00:05:36 (3514 turns).

hatdisgam the Ruffian (Troll Chaos Knight)          Turns: 3514, Time: 00:05:38

Health: -1/66      AC:  6    Str: 22 (23) XL:     8   Next: 17%
Magic:  7/7        EV: 10    Int:  7 (8)  God:    Xom [......]
Gold:   266        SH:  0    Dex:  7 (9)  Spells: 7/7 levels left

rFire   . . .      SeeInvis .     - Unarmed
rCold   . . .      Faith    .   (no shield)
rNeg    . . .      Spirit   .   a - +2 robe
rPois   .          Reflect  .   (helmet restricted)
rElec   .          Harm     .   (no cloak)
rCorr   +          Rampage  .   (gloves unavailable)
Will    .....      Clarity  +   (boots unavailable)
Stlth   +.........              (no amulet)
HPRegen 1.21/turn               k - ring of resist corrosion
MPRegen 0.10/turn               (no ring)

@: no status effects
A: large, unfitting armour, claws 3, regeneration 1, shaggy fur 1, tough skin 1,
clarity, frail 1
a: Renounce Religion


You were on level 4 of the Dungeon.
You worshipped Xom.
You were a very special plaything of Xom.
You visited 1 branch of the dungeon, and saw 5 of its levels.

You collected 266 gold pieces.

Inventory:

Hand Weapons
 q - a +1 rapier of chaos
Missiles
 c - 174 stones (quivered)
 g - 25 poisoned darts
Armour
 a - a +2 robe (worn)
Jewellery
 k - a ring of resist corrosion (left claw)
Wands
 m - a wand of polymorph (9)
Scrolls
 e - 2 scrolls of identify {unknown}
 f - 2 scrolls of torment {unknown}
 h - a scroll of vulnerability {unknown}
 i - 3 scrolls of amnesia
 l - a scroll of acquirement {unknown}
 n - a scroll of blinking {unknown}
 r - 2 scrolls of noise {unknown}
 t - 2 scrolls of teleportation {unknown}
 u - a scroll of fog {unknown}
Potions
 b - 3 potions of degeneration
 d - a potion of attraction {unknown}
 j - 3 potions of resistance {unknown}
 o - 3 potions of magic {unknown}
 s - 2 potions of might {unknown}
 v - a potion of berserk rage {unknown}


   Skills:
 - Level 2.4 Fighting
 * Level 5.0 Throwing
 + Level 4.1 Dodging
 * Level 7.1 Unarmed Combat


You had 7 spell levels left.
You didn't know any spells.
Your spell library contained the following spells:

 Spells                   Type           Power      Damage    Failure   Level
 Animate Skeleton         Necr           0%         N/A       43%         1
 Apportation              Tloc           0%         N/A       43%         1
 Corona                   Hex            0%         N/A       43%         1
 Summon Small Mammal      Summ           0%         N/A       43%         1
 Slow                     Hex            0%         N/A       56%         2
 Confusing Touch          Hex            0%         N/A       80%         3
 Yara's Violent Unravell  Hex/Tmut       0%         3d3       100%        5


Dungeon Overview and Level Annotations

Branches:
Dungeon (5/15)
 Temple: D:4-7

Altars:
Hepliaklqana
Makhleb
Okawaru
Wu Jian

Annotations:
D:5 3 runed translucent doors, krigyl's ghost, amateur PaEn


Innate Abilities, Weirdness & Mutations

You are too large for most types of armour.
You have claws for hands.
Your natural rate of healing is unusually fast.
You are covered in fur. (AC +1)
You have tough skin. (AC +1)
You possess an exceptional clarity of mind.
You are frail. (-10% HP)


Message History

Unknown command.
You claw the troll!
The troll is almost dead.
The phantom completely misses you. The troll closely misses you.
The troll barely misses you. The troll claws you!
* * * LOW HITPOINT WARNING * * *
Unknown command.
You claw the troll!
You kill the troll!
The phantom hits you but does no damage.
The orc hits you with a +2 dagger of venom.
* * * LOW HITPOINT WARNING * * *
Your Throwing skill increases to level 5!
Your Dodging skill increases to level 4!
Your Unarmed Combat skill increases to level 7!
You have reached level 8!
It was a potion of degeneration.
There was something very wrong with that liquid.
You feel weakened.
You feel dopey.
You feel clumsy.
Xom thinks this is hilarious!
The orc hits you with a +0 dagger.
* * * LOW HITPOINT WARNING * * *
The phantom hits you but does no damage.
The orc hits you with a +2 dagger of venom.
* * * LOW HITPOINT WARNING * * *
You are lethally poisoned!
It was a potion of curing.
You feel better. The orc hits you but does no damage.
The orc hits you with a +0 short sword.
* * * LOW HITPOINT WARNING * * *
The phantom closely misses you. The orc closely misses you.
The orc hits you with a +0 club.
* * * LOW HITPOINT WARNING * * *
You feel better. The orc hits you with a +0 dagger.
* * * LOW HITPOINT WARNING * * *
The orc hits you with a +0 short sword.
* * * LOW HITPOINT WARNING * * *
The phantom hits you but does no damage.
The orc hits you with a +2 dagger of venom.
You die...
Xom yawns loudly!

..#...#......['.....#............
..#...#.......#....##...##.......
..#...#.......#....#######...##..
..#'###.......#....##........###'
..............#...............#..
..............#....#######....#..
..............######.....#...##..
...............o.........###'##..
...............o@...<.)..'.......
...............oWo.......#.......
.........................#.......
..............######.....#.......
..............#....'.....#.......
.......###'####....#.....#...##..
..######...........#.....#...####
..#................#.....#....#
..+................#.....#....#


You could see a phantom (summoned) and 4 orcs.

Vanquished Creatures
  A troll (D:4)
  A black bear (D:3)
  A necrophage (D:5)
  2 ogres (D:5)
  A phantom (D:5)
  2 scorpions (D:4)
  A bullfrog zombie (D:5)
  A hound (D:4)
  A centaur zombie (D:5)
  A jelly (D:5)
  A bullfrog skeleton (D:4)
  Jessica (D:3)
  An iguana (D:5)
  Natasha (thrice) (D:3)
  Robin (D:3)
  4 adders
  2 adder skeletons (D:4)
  2 worms
  3 dart slugs
  5 orcs
  4 bats
  2 endoplasms
  2 giant cockroaches (D:2)
  10 goblins
  12 hobgoblins
  4 jackals
  3 quokkas
  9 ball pythons
  4 frilled lizards
  3 kobolds
  7 rats
95 creatures vanquished.

Vanquished Creatures (others)
  4 plants (D:3)
4 creatures vanquished.

Grand Total: 99 creatures vanquished

Notes
Turn   | Place    | Note
-------+----------+-------------------------------------------
     0 | D:1      | hatdisgam the Troll Chaos Knight began the quest for the
                  | Orb.
     0 | D:1      | Reached XP level 1. HP: 22/22 MP: 0/0
   120 | D:1      | XOM: divination: detect items
   122 | D:1      | XOM: silly message
   191 | D:1      | Found a faded altar of an unknown god.
   274 | D:1      | Reached XP level 2. HP: 29/29 MP: 1/1
   305 | D:1      | XOM: smoke on damage
   345 | D:1      | XOM: silly message
   795 | D:2      | Reached skill level 1 in Throwing
   850 | D:2      | Reached XP level 3. HP: 36/36 MP: 2/2
  1057 | D:2      | XOM: 8-stop teleportation journey
  1375 | D:2      | XOM: noise
  1505 | D:3      | XOM: stealth player
  1507 | D:3      | Reached skill level 4 in Unarmed Combat
  1593 | D:3      | Noticed Jessica
  1597 | D:3      | Killed Jessica
  1598 | D:3      | Reached XP level 4. HP: 44/44 MP: 3/3
  1679 | D:3      | XOM: god gift: crude chain mail {god gift}
  1679 | D:3      | Identified the +1 chain mail "Foetruf" {Will++ rCorr Dex+4}
                  | (Xom gifted it to you on level 3 of the Dungeon)
  1752 | D:3      | Noticed Natasha
  1755 | D:3      | XOM is BORED!
  1755 | D:3      | XOM: enchant monster (bad)
  1759 | D:3      | Killed Natasha
  1824 | D:3      | Noticed Robin
  1834 | D:3      | Killed Robin
  1835 | D:3      | Reached XP level 5. HP: 50/50 MP: 4/4
  1941 | D:3      | Noticed a black bear
  1958 | D:3      | Killed a black bear
  1959 | D:3      | Reached skill level 5 in Unarmed Combat
  2015 | D:3      | XOM: god gift: 19 gold pieces
  2057 | D:3      | Noticed Natasha
  2064 | D:3      | Killed Natasha
  2081 | D:3      | XOM: god gift: fizzy puce potion {god gift}
  2146 | D:3      | Noticed Natasha
  2152 | D:3      | Killed Natasha
  2153 | D:3      | Reached XP level 6. HP: 54/59 MP: 5/5
  2153 | D:3      | XOM: give mutation
  2153 | D:3      | Gained mutation: Your system is resistant to poisons.
                  | (rPois) [Xom's grace]
  2533 | D:4      | XOM: god gift: runed rapier {god gift}
  2699 | D:4      | XOM: 5-stop teleportation journey
  2893 | D:4      | XOM: summons friendly shadow imp
  3018 | D:4      | XOM: give mutations
  3018 | D:4      | Gained mutation: You possess an exceptional clarity of
                  | mind. [Xom's mischief]
  3018 | D:4      | Lost mutation: Your system is resistant to poisons. (rPois)
                  | [Xom's mischief]
  3018 | D:4      | Gained mutation: You are frail. (-10% HP) [Xom's mischief]
  3163 | D:5      | Entered Level 5 of the Dungeon
  3173 | D:5      | XOM: silly message
  3179 | D:5      | Reached skill level 6 in Unarmed Combat
  3179 | D:5      | Reached XP level 7. HP: 59/59 MP: 6/6
  3188 | D:5      | XOM: 3-stop teleportation journey
  3215 | D:5      | Found an ornate altar of the Wu Jian Council.
  3251 | D:5      | Found an iron altar of Okawaru.
  3259 | D:5      | Found a hazy altar of Hepliaklqana.
  3264 | D:5      | Found a burning altar of Makhleb.
  3302 | D:5      | Found a runed translucent gate.
  3302 | D:5      | Found a runed translucent gate.
  3302 | D:5      | Found a runed translucent gate.
  3303 | D:5      | Noticed krigyl's ghost (amateur PaEn)
  3462 | D:5      | Noticed a troll
  3465 | D:5      | XOM: summons 4 hostile demons
  3466 | D:5      | Noticed a rust devil
  3474 | D:5      | XOM: 4-stop teleportation journey
  3476 | D:5      | XOM: noise
  3497 | D:5      | XOM: cast spell 'Dispersal'
  3507 | D:4      | XOM: summons 2 hostile shadow creatures
  3511 | D:4      | Killed a troll
  3512 | D:4      | Reached skill level 5 in Throwing
  3512 | D:4      | Reached skill level 7 in Unarmed Combat
  3512 | D:4      | Reached XP level 8. HP: 6/66 MP: 7/7
  3512 | D:4      | HP: 2/66 [orc[Xom] (4)]
  3514 | D:4      | Slain by an orc

Illustrated notes

Levels and vault maps discovered:
D:1:      roderic_dead_forest, layout_basic,
          ebering_ecumenical_altar_sacrificial, chequers_serial_rivers_room_a,
          minmay_liquid_box
D:2:      layout_loops_corners
D:3:      layout_loops_ring, serial_forest, infiniplex_forest_lined_ring,
          infiniplex_forest_lined_2, infiniplex_forest_end_2,
          infiniplex_forest_clump_medium, infiniplex_forest_end_1,
          infiniplex_forest_lined_room_2, infiniplex_forest_straight_2,
          infiniplex_forest_clump_cross, infiniplex_forest_lined_room_,
          uniq_natasha, uniq_jessica, uniq_robin
D:4:      layout_gridville
D:5:      layout_loops_ring, pdpol_wu_jian_five_deadly_venoms,
          minmay_overflow_temple_star_quad, gammafunk_ghost_nasty_kobolds

Skill      XL: |  1  2  3  4  5  6  7 |
---------------+----------------------+-----
Dodging        | 2 3 4 |  4.1
Throwing       | 1 2 3 5 |  5.0
Unarmed Combat | 4 5 6 7 |  7.1
Fighting       | |  2.4

Action                   |  1- 3 |  4- 6 |  7- 9 || total
-------------------------+-------+-------+-------++-------
Melee: Unarmed           |   120 |   146 |    31 ||   297
       Punch             |       |     2 |     1 ||     3
  Use: Scroll            |     1 |       |       ||     1
       Potion            |       |       |     3 ||     3
 Stab: Sleeping          |     1 |       |       ||     1
Armor: Robe              |    49 |    50 |    10 ||   109
Dodge: Dodged            |    60 |    64 |    22 ||   146

Table legend: (Time is in decaauts)
 A = Elapsed time spent in this place.
 B = Non-inter-level travel time spent in this place.
 C = Inter-level travel time spent in this place.
 D = Time resting spent in this place.
 E = Time spent auto-exploring this place.
 F = Levels seen in this place.
 G = Mean time per level.
                   A        B        C        D        E       F      G
               +--------+--------+--------+--------+--------+-----+--------+
         Total |   3503 |   3422 |     81 |     31 |   2751 |   5 |  700.6 |
       Dungeon |   3503 |   3422 |     81 |     31 |   2751 |   5 |  700.6 |
               +--------+--------+--------+--------+--------+-----+--------+

Top non-repeatable levels by time:
     D:4: 879 daAuts
     D:2: 847 daAuts
     D:3: 788 daAuts
     D:1: 650 daAuts
     D:5: 338 daAuts
